[Event "ROU-ch Women 2018"]
[Site "Olanesti"]
[Date "2018.05.14"]
[Round "1"]
[White "Cosma, Elena-Luminita"]
[Black "Bogdan, Elizaveta"]
[Result "1-0"]
[ECO "A49"]
[WhiteElo "2331"]
[BlackElo "1805"]
[Annotator "NA"]
[PlyCount "61"]
[EventDate "2018.??.??"]
[EventType "swiss"]
[EventCountry "ROU"]
[SourceTitle "playchess.com"]
[Source "ChessBase"]
[SourceQuality "1"]
[TimeControl "40/5400+30:1800+30"]

1. d4 Nf6 2. Nf3 g6 3. g3 Bg7 4. Bg2 d6 5. O-O O-O 6. b3 Nbd7 7. Bb2 c6 8. Nbd2 Qc7 9. e4 e5 10. dxe5 {[%emt 0:00:10] A49: 1 d4 Nf6 2 Nf3 g6 3 g3: Anti-King's Indian systems} dxe5 11. Re1 {[%emt 0:00:14] LiveBook: 4 Games} Rd8 12. a4 b6 $146 ({Predecessor:} 12... Ne8 13. Qe2 Nf8 14. Nc4 f6 15. h4 Be6 16. Ba3 Bf7 17. h5 Ne6 {1-0 (33) Schebler,G (2499)-Georgiev,S (2022) Sunny Beach 2006}) 13. Qe2 Bb7 14. Nc4 Ne8 15. Rad1 b5 16. Ne3 bxa4 17. bxa4 Nb6 18. a5 Na4 19. a6 Bxa6 20. Qxa6 Nxb2 21. Rxd8 Rxd8 22. Rb1 Rb8 23. Qa2 Nd6 24. Rxb2 Rxb2 25. Qxb2 Nxe4 26. Qb4 Nf6 27. Qc4 h6 28. Nd2 c5 29. Ne4 Nd7 30. Qd5 $18 Bf8 31. Qxd7 1-0

[Event "ROU-ch Women 2018"]
[Site "Olanesti"]
[Date "2018.05.14"]
[Round "1"]
[White "Sandu, Mihaela"]
[Black "Florea, Dorina"]
[Result "1-0"]
[ECO "B92"]
[WhiteElo "2258"]
[BlackElo "1722"]
[Annotator "NA"]
[PlyCount "45"]
[EventDate "2018.??.??"]
[EventType "swiss"]
[EventCountry "ROU"]
[SourceTitle "playchess.com"]
[Source "ChessBase"]
[SourceQuality "1"]
[TimeControl "40/5400+30:1800+30"]

1. e4 c5 2. Nf3 d6 3. d4 Nf6 4. Nc3 cxd4 5. Nxd4 a6 6. Be2 Nc6 7. O-O Bd7 8. Kh1 e6 9. f4 Be7 10. Be3 O-O 11. Qe1 Nxd4 12. Bxd4 Bc6 13. Bd3 Qc7 14. Qg3 b5 {[%emt 0:02:39] LiveBook: 10 Games} 15. e5 dxe5 16. Bxe5 Qb7 17. Rae1 g6 18. Re2 b4 $15 19. Nd1 Ne4 20. Qh3 Rfd8 21. Ne3 Nc5 22. f5 Nxd3 23. fxg6 1-0

[Event "ROU-ch Women 2018"]
[Site "Olanesti"]
[Date "2018.05.14"]
[Round "1"]
[White "Ciolacu, Alessia-Mihaela"]
[Black "Peptan, Corina-Isabela"]
[Result "1-0"]
[ECO "A46"]
[WhiteElo "1843"]
[BlackElo "2393"]
[Annotator "ChessBase"]
[PlyCount "55"]
[EventDate "2018.??.??"]
[EventType "swiss"]
[EventCountry "ROU"]
[SourceTitle "playchess.com"]
[Source "ChessBase"]
[SourceQuality "1"]
[TimeControl "40/5400+30:1800+30"]

1. d4 Nf6 2. Nf3 e6 3. e3 b6 4. Bd3 Bb7 5. O-O c5 6. c4 Nc6 7. Nc3 d5 8. Re1 Be7 9. dxc5 bxc5 10. b3 O-O 11. cxd5 exd5 12. Bb2 Nb4 13. Bf5 Bc8 14. Bxc8 Rxc8 15. Ne5 d4 16. Nb5 a6 17. Na3 d3 18. e4 Bd6 19. Ng4 Be7 20. Ne5 Qc7 21. Re3 Rcd8 22. Ng4 Qc6 23. Nh6+ gxh6 24. Rg3+ Kh8 25. Qh5 Rg8 26. Qxf7 Rd4 27. Qxe7 Qxe4 28. Qxf6+ 1-0

[Event "ROU-ch Women 2018"]
[Site "Olanesti"]
[Date "2018.05.14"]
[Round "1"]
[White "Schiopu, Andreea-Alexandra"]
[Black "Dragomirescu, Angela"]
[Result "0-1"]
[ECO "B08"]
[WhiteElo "1765"]
[BlackElo "2272"]
[Annotator "NA"]
[PlyCount "74"]
[EventDate "2018.??.??"]
[EventType "swiss"]
[EventCountry "ROU"]
[SourceTitle "playchess.com"]
[Source "ChessBase"]
[SourceQuality "1"]
[TimeControl "40/5400+30:1800+30"]

1. d4 d6 2. e4 Nf6 3. Nc3 g6 4. Nf3 Bg7 5. Bd3 O-O 6. O-O c6 7. h3 Nbd7 8. Be3 Qc7 9. Qd2 b5 10. Bh6 {[%emt 0:03:20] B07: Pirc Defence: Miscellaneous Systems} (10. Ne2 e5 11. dxe5 Nxe5 12. Nxe5 dxe5 13. a4 Be6 14. axb5 cxb5 15. Qa5 Rfc8 16. Qxc7 Rxc7 17. Nc3 Bc4 {½-½ (92) Saric,I (2666)-Van Wely,L (2667) Wijk aan Zee 2015}) 10... Bb7 11. Bxg7 Kxg7 12. Rfe1 e5 13. dxe5 dxe5 {[%emt 0:00:24] LiveBook: 3 Games} 14. Rad1 Nc5 15. Qg5 $146 ({Predecessor:} 15. a3 Ne6 {0-1 (59) Matras,A (2246)-Warakomski,T (2396) Warsaw 2005}) 15... Nfd7 16. Bf1 f6 17. Qg4 Nb6 18. b4 Bc8 $1 19. Qg3 Ne6 20. Nh4 Nf4 21. Rd2 Be6 22. Qe3 Rad8 23. Red1 Rxd2 24. Qxd2 Bf7 25. Qd6 Qxd6 26. Rxd6 Rc8 27. Nf3 Ne6 28. g4 Kf8 29. Rd1 Ke7 30. a4 a6 31. a5 Nd7 32. Ne2 c5 33. c3 cxb4 34. cxb4 Rc4 35. Rc1 (35. Rb1 $142) 35... Rxb4 36. Rc6 $19 Nec5 37. Nc3 Rb3 0-1

[Event "ROU-ch Women 2018"]
[Site "Olanesti"]
[Date "2018.05.14"]
[Round "1"]
[White "Paraschiv, Petronela-Alexandra"]
[Black "Sgircea, Silvia-Raluca"]
[Result "0-1"]
[ECO "A36"]
[WhiteElo "1720"]
[BlackElo "2198"]
[Annotator "NA"]
[PlyCount "82"]
[EventDate "2018.??.??"]
[EventType "swiss"]
[EventCountry "ROU"]
[SourceTitle "playchess.com"]
[Source "ChessBase"]
[SourceQuality "1"]
[TimeControl "40/5400+30:1800+30"]

1. c4 c5 2. Nc3 g6 3. g3 Bg7 4. Bg2 Nc6 5. d3 d6 6. e4 e6 7. Nge2 Nge7 8. O-O O-O 9. Be3 Nd4 10. Qd2 Rb8 11. Bh6 a6 {[%emt 0:05:19] LiveBook: 6 Games} 12. Nxd4 cxd4 13. Bxg7 Kxg7 14. Ne2 {[%emt 0:00:05] A36: Symmetrical English vs ...g6: 4 Bg2 Bg7} e5 15. h3 (15. f4 f5 16. Rae1 Be6 17. b3 Qd7 18. Kh1 b5 19. c5 dxc5 20. fxe5 fxe4 21. Bxe4 Nf5 {1-0 (40) Zwettler,M (2206)-Poetz,F (2427) Feistritz an der Drau 2014}) 15... b5 16. b3 Qb6 $146 ({Predecessor:} 16... f5 17. Kh2 Qd7 18. f3 Qe6 19. Rae1 fxe4 20. fxe4 Bd7 21. Ng1 h6 {½-½ (34) Kachko,A (2135)-Demidov,M (2165) Russia 2004}) 17. Rfc1 Bd7 18. f4 Rfc8 19. Kf1 a5 20. g4 bxc4 21. bxc4 a4 22. a3 Qc5 23. Rc2 Rb3 24. Rca2 Rcb8 25. Nc1 R3b6 26. f5 Nc6 27. Bf3 Qa5 28. Qxa5 Nxa5 29. Ke1 Kf6 30. h4 gxf5 31. gxf5 Rb1 32. Kd2 R8b2+ 33. Rxb2 Rxb2+ 34. Ke1 Nb3 35. Nxb3 $19 axb3 ({Not} 35... Rxb3 36. Kd2 $11) 36. Bd1 Ba4 37. Rc1 Ra2 38. Rb1 Rxa3 39. Kd2 Ra2+ 40. Kc1 Rh2 41. h5 b2+ 0-1

[Event "ROU-ch Women 2018"]
[Site "Olanesti"]
[Date "2018.05.16"]
[Round "3"]
[White "Peptan, Corina-Isabela"]
[Black "Pancu, Aureliana-Eugenia"]
[Result "1-0"]
[ECO "A15"]
[WhiteElo "2393"]
[BlackElo "1852"]
[Annotator "NA"]
[PlyCount "91"]
[EventDate "2018.??.??"]
[EventType "swiss"]
[EventCountry "ROU"]
[SourceTitle "playchess.com"]
[Source "ChessBase"]
[SourceQuality "1"]
[TimeControl "40/5400+30:1800+30"]

1. c4 Nf6 2. Nf3 g6 3. Nc3 d5 4. cxd5 Nxd5 5. h4 Nxc3 {[%emt 0:12:35] A16: English Opening: 1...Nf6 with ...d5} (5... Bg7 6. h5 Nc6 7. h6 Bf6 8. Ne4 Bg4 9. e3 O-O 10. Nxf6+ exf6 11. Be2 Re8 12. O-O Qe7 13. d4 {0-1 (22) Akobian,V (2647)-Duda,J (2717) Riadh 2017}) 6. bxc3 h6 7. g3 Bg7 8. Bg2 {[%emt 0:00:08] LiveBook: 11 Games} c5 9. Qb3 $146 ({Predecessor:} 9. O-O Nc6 10. Rb1 O-O 11. d3 Qc7 12. Be3 b6 13. Bf4 Qd7 14. d4 Ba6 15. dxc5 Qxd1 16. Rfxd1 bxc5 {1-0 (37) Iordachescu,V (2601)-Guido,F (2413) Condino 2014}) 9... Qc7 10. Rb1 O-O 11. Ba3 Na6 12. O-O Rb8 13. c4 Be6 14. Bb2 Bxb2 15. Rxb2 Qd6 16. Qc3 Nc7 17. Rc1 f6 18. Qa5 Na6 19. a3 Kg7 20. d3 Bc8 21. Qc3 b6 22. d4 cxd4 23. Nxd4 Bd7 24. Nb5 Bxb5 $1 25. cxb5 Nc5 26. Rd2 Qc7 27. h5 Rbd8 28. hxg6 Rxd2 29. Qxd2 Rd8 30. Qc2 e5 31. Bh3 Rd4 32. e3 Rd6 33. Bf5 Qe7 34. Rd1 Qd8 35. Rxd6 Qxd6 36. Qc4 Qe7 37. e4 Nb7 38. Qd5 Nd6 39. Kg2 Nb7 40. Kh3 Nd6 41. Kg4 Qc7 42. a4 Qc5 (42... Qe7 $142 43. Kh5 Qc7) 43. Qe6 Qc7 44. Kh5 Nxf5 45. exf5 Qb7 $18 46. Qf7+ 1-0

[Event "ROU-ch Women 2018"]
[Site "Olanesti"]
[Date "2018.05.16"]
[Round "3"]
[White "Cosma, Elena-Luminita"]
[Black "Sgircea, Silvia-Raluca"]
[Result "1/2-1/2"]
[ECO "A48"]
[WhiteElo "2331"]
[BlackElo "2198"]
[Annotator "NA"]
[PlyCount "27"]
[EventDate "2018.??.??"]
[EventType "swiss"]
[EventCountry "ROU"]
[SourceTitle "playchess.com"]
[Source "ChessBase"]
[SourceQuality "1"]
[TimeControl "40/5400+30:1800+30"]

1. d4 Nf6 2. Nf3 g6 3. Bf4 Bg7 4. e3 O-O 5. h3 d6 6. Be2 b6 7. O-O Bb7 8. c4 Nbd7 9. Bh2 Re8 10. Nc3 {[%emt 0:07:10] LiveBook: 27 Games} Ne4 11. Nxe4 Bxe4 12. Qd2 $11 e5 13. Rad1 Bb7 14. dxe5 1/2-1/2

[Event "ROU-ch Women 2018"]
[Site "Olanesti"]
[Date "2018.05.16"]
[Round "3"]
[White "Sandu, Mihaela"]
[Black "Lehaci, Miruna-Daria"]
[Result "1-0"]
[ECO "B92"]
[WhiteElo "2258"]
[BlackElo "1905"]
[Annotator "NA"]
[PlyCount "127"]
[EventDate "2018.??.??"]
[EventType "swiss"]
[EventCountry "ROU"]
[SourceTitle "playchess.com"]
[Source "ChessBase"]
[SourceQuality "1"]
[TimeControl "40/5400+30:1800+30"]

1. e4 c5 2. Nf3 d6 3. d4 cxd4 4. Nxd4 Nf6 5. Nc3 a6 6. Be2 e5 7. Nb3 Be7 8. O-O O-O 9. Be3 Be6 10. Qd2 Nbd7 11. a4 Rc8 12. a5 Qc7 13. Rfd1 Rfe8 14. f3 {[%emt 0:08:08] B92: Sicilian Najdorf: 6 Be2} h6 {[%emt 0:00:54] LiveBook: 18 Games} 15. Nc1 (15. Rdc1 Qc6 16. Rd1 {½-½ (20) Sjugirov,S (2674)-Nepomniachtchi,I (2703) Sochi 2016}) 15... Bf8 16. Bf1 Red8 17. Qf2 Qc6 18. Qd2 Nc5 19. N1a2 $146 ({Predecessor:} 19. Nd5 Bxd5 20. exd5 Qe8 21. c4 Qe7 {1-0 (42) Ressler,V (2281)-Officier,T ICCF email 2010}) 19... Qc7 20. Nb4 Be7 21. Nbd5 Nxd5 22. Nxd5 Bxd5 23. exd5 Rf8 24. b4 Nd7 25. c4 Qd8 26. Rac1 f5 (26... Bg5 $14) 27. c5 dxc5 28. d6 Bg5 29. bxc5 Bxe3+ 30. Qxe3 Qxa5 31. Qb3+ Kh8 32. Qxb7 Nxc5 33. Qa7 Ne6 34. d7 Ra8 35. Qb7 $18 Rab8 36. Qxa6 Qxa6 37. Bxa6 Rbd8 38. Rd6 Nf4 39. Rc8 Nh5 40. Rc5 Nf6 41. Bb5 e4 42. Rxf5 exf3 43. Rxf3 Kh7 44. h3 Rb8 45. Bc6 Rfd8 46. Re3 Kh8 47. Re7 Kg8 48. Rde6 Kf8 49. Re2 h5 50. g3 Rb1+ 51. Kg2 Rbb8 52. Kf2 Nxd7 53. Rxd7 Rxd7 54. Bxd7 Rb4 55. h4 Rd4 56. Be8 Rd5 57. Bg6 Rd8 58. Bxh5 g5 59. hxg5 Rd5 60. Bf3 Rxg5 61. g4 Kg7 62. Kg3 Ra5 63. Kf4 Kf6 64. Rb2 1-0

[Event "ROU-ch Women 2018"]
[Site "Olanesti"]
[Date "2018.05.16"]
[Round "3"]
[White "Cosman, Andreea-Marioara"]
[Black "Dragomirescu, Angela"]
[Result "1/2-1/2"]
[ECO "A41"]
[WhiteElo "2130"]
[BlackElo "2272"]
[Annotator "NA"]
[PlyCount "133"]
[EventDate "2018.??.??"]
[EventType "swiss"]
[EventCountry "ROU"]
[SourceTitle "playchess.com"]
[Source "ChessBase"]
[SourceQuality "1"]
[TimeControl "40/5400+30:1800+30"]

1. d4 d6 2. c4 e5 3. Nf3 e4 4. Ng5 f5 5. Nc3 c6 6. g3 Be7 {[%emt 0:01:17] LiveBook: 55 Games} 7. h4 Na6 8. Bg2 {[%emt 0:10:56] A21: English Opening: 1...e5 2 Nc3} Nf6 9. a3 Nc7 10. b4 (10. d5 $11) 10... O-O 11. e3 Ne6 $146 ({Predecessor:} 11... d5 12. c5 {1-0 (37) Glud,J (2496)-Akdag,D (2218) Denmark 2012}) 12. Nh3 d5 13. Qb3 a5 14. cxd5 Nxd5 15. bxa5 Nxc3 16. Qxc3 Qxa5 17. Qxa5 Rxa5 18. O-O Bd7 19. Rd1 Rfa8 20. Bf1 Bxa3 21. Bc4 Kf8 (21... b5 $17 22. Bb3 Kf8) 22. Bd2 R5a7 23. d5 Nc7 24. Ng5 cxd5 25. Rxa3 Rxa3 26. Bb4+ Ke8 27. Bxa3 Rxa3 28. Bxd5 Rd3 29. Bf7+ Ke7 30. Rc1 Kd6 (30... Nb5 $17 31. Bg8 h6) 31. Bc4 Rd2 32. Kf1 b5 33. Ke1 Rb2 34. Be2 Nd5 35. Nf7+ Ke6 36. Nd8+ Ke7 37. Nb7 b4 38. Nc5 Nc3 39. Bc4 Kd6 40. Na6 Be6 41. Bxe6 Ne2 42. Rd1+ Kxe6 43. Rd2 Rxd2 44. Kxd2 Ng1 45. Nxb4 Nf3+ 46. Ke2 Kd6 47. Nc2 Kd5 48. Ne1 Ne5 49. Nc2 Nc6 50. Ne1 h6 51. Ng2 g5 52. hxg5 hxg5 53. Ne1 Nb4 54. Kd2 Kc4 55. f4 gxf4 56. gxf4 Kb3 57. Ng2 Nd5 58. Ne1 Nb6 59. Ng2 Nc4+ $11 60. Ke2 Kc2 61. Nh4 Nd6 62. Ng6 Kc3 63. Ne7 Kc2 64. Ng6 Nb5 65. Ne7 Nd6 66. Ng6 Nb5 67. Ne7 1/2-1/2

[Event "ROU-ch Women 2018"]
[Site "Olanesti"]
[Date "2018.05.16"]
[Round "3"]
[White "Schiopu, Andreea-Alexandra"]
[Black "Ciocan, Maria-Alexandra"]
[Result "0-1"]
[ECO "E63"]
[WhiteElo "1765"]
[BlackElo "2021"]
[Annotator "NA"]
[PlyCount "140"]
[EventDate "2018.??.??"]
[EventType "swiss"]
[EventCountry "ROU"]
[SourceTitle "playchess.com"]
[Source "ChessBase"]
[SourceQuality "1"]
[TimeControl "40/5400+30:1800+30"]

1. d4 Nf6 2. Nf3 g6 3. g3 Bg7 4. Bg2 O-O 5. O-O d6 6. c4 Nc6 7. Nc3 a6 8. b3 Rb8 9. Bb2 b5 10. cxb5 axb5 11. Rc1 b4 12. Na4 Na5 13. Qc2 c6 {[%emt 0:00:23] LiveBook: 11 Games} 14. Nd2 Ba6 15. Nc4 $17 (15. Rfe1 $11 {remains equal.}) 15... Bb5 16. Ba1 Qc7 17. Nab2 Nd5 18. Nd3 Qa7 19. e3 Rfc8 20. Qd2 Nb6 21. Nxb6 Qxb6 22. Rfd1 Bxd3 23. Qxd3 Nb7 24. Rc2 c5 25. Rdc1 Rd8 26. Bxb7 Qxb7 27. dxc5 dxc5 28. Qe2 Bxa1 29. Rxa1 Rd5 30. Rac1 Qc6 31. Qc4 Qd6 32. Qf4 e5 33. Qc4 Rc8 34. Ra1 Ra8 35. Rac1 Kg7 36. Kg2 Qc6 37. f3 Qd7 38. Re1 Rc8 39. Ree2 h5 40. Qh4 Rd1 41. Qe4 Rd5 42. Rc4 Re8 43. Qc2 Qd6 44. e4 Rd1 45. Rxc5 Qd4 46. Rf2 Rd8 47. Qc4 Rd7 48. Qxd4 exd4 49. Rcc2 d3 50. Rcd2 Re1 51. Rf1 Re2+ 52. Rxe2 dxe2 53. Re1 Rd2 54. Kf2 Rxa2 55. Rxe2 Ra3 56. Rb2 Ra1 57. Ke3 Rd1 58. Rd2 Rb1 59. Rd3 g5 60. Kd4 Rb2 61. Kc4 Rxh2 62. f4 gxf4 63. gxf4 Rf2 64. f5 Re2 65. Rd4 Kf6 66. Kd5 h4 67. Rxb4 Rd2+ 68. Kc6 h3 69. Rc4 h2 70. e5+ Kg5 0-1

[Event "ROU-ch Women 2018"]
[Site "Olanesti"]
[Date "2018.05.18"]
[Round "5"]
[White "Sandu, Mihaela"]
[Black "Cosman, Andreea-Marioara"]
[Result "1/2-1/2"]
[ECO "B92"]
[WhiteElo "2258"]
[BlackElo "2130"]
[Annotator "NA"]
[PlyCount "111"]
[EventDate "2018.??.??"]
[EventType "swiss"]
[EventCountry "ROU"]
[SourceTitle "playchess.com"]
[Source "ChessBase"]
[SourceQuality "1"]
[TimeControl "40/5400+30:1800+30"]

1. e4 c5 2. Nf3 d6 3. d4 cxd4 4. Nxd4 Nf6 5. Nc3 a6 6. Be2 e5 7. Nb3 Be7 8. O-O O-O 9. Be3 Be6 10. a4 Nbd7 11. a5 Rc8 12. Qd2 Qc7 13. Rfd1 Rfe8 $11 14. h3 h6 15. Bf3 Bf8 16. Qe1 Be7 17. Rd2 Bf8 18. Qd1 Red8 19. Nd5 Nxd5 20. exd5 Bf5 21. c3 Bh7 22. Be2 Re8 23. Rc1 f5 24. f4 g5 25. fxe5 Nxe5 26. Bb6 Qf7 27. Nd4 Nd7 28. Ne6 Nf6 29. Bf3 f4 30. Bd4 Ne4 31. Re2 Ng3 32. Re1 Bf5 33. c4 h5 34. Nxg5 Qg6 35. Ne6 Bh6 36. Kh2 Kh7 37. Bf2 Rg8 38. Qd4 Rce8 39. b4 Bxe6 40. dxe6 Nf5 41. Qd5 Bg7 42. c5 Be5 43. cxd6 Bxd6 44. Qxb7+ Re7 45. Qd5 Reg7 46. Kh1 Kh8 47. Rc6 Be7 48. Be4 f3 49. Bxf3 Rd8 50. Qxd8+ Bxd8 51. e7 Qe8 52. exd8=Q Qxd8 53. Rd1 Rd7 54. Rxd7 Qxd7 55. Rxa6 Qd2 56. Kg1 1/2-1/2

[Event "ROU-ch Women 2018"]
[Site "Olanesti"]
[Date "2018.05.18"]
[Round "5"]
[White "Lehaci, Miruna-Daria"]
[Black "Sgircea, Silvia-Raluca"]
[Result "1/2-1/2"]
[ECO "B35"]
[WhiteElo "1905"]
[BlackElo "2198"]
[Annotator "NA"]
[PlyCount "50"]
[EventDate "2018.??.??"]
[EventType "swiss"]
[EventCountry "ROU"]
[SourceTitle "playchess.com"]
[Source "ChessBase"]
[SourceQuality "1"]
[TimeControl "40/5400+30:1800+30"]

1. e4 c5 2. Nf3 Nc6 3. d4 cxd4 4. Nxd4 g6 5. Nc3 Bg7 6. Be3 Nf6 7. Bc4 Qa5 8. O-O O-O 9. Bb3 d6 10. h3 Bd7 11. Re1 Rac8 12. Nd5 Nxd5 13. exd5 Ne5 14. c3 Rfe8 15. Qe2 Qc7 16. Nb5 Bxb5 17. Qxb5 a6 18. Qb6 Qxb6 19. Bxb6 Nc4 20. Bxc4 Rxc4 21. Re2 Bf6 22. Rc1 Rec8 23. Rce1 Kf8 24. Kf1 h5 25. Re4 Rxe4 1/2-1/2

[Event "ROU-ch Women 2018"]
[Site "Olanesti"]
[Date "2018.05.18"]
[Round "5"]
[White "Ciolacu, Alessia-Mihaela"]
[Black "Ciocan, Maria-Alexandra"]
[Result "1/2-1/2"]
[ECO "A48"]
[WhiteElo "1843"]
[BlackElo "2021"]
[Annotator "NA"]
[PlyCount "106"]
[EventDate "2018.??.??"]
[EventType "swiss"]
[EventCountry "ROU"]
[SourceTitle "playchess.com"]
[Source "ChessBase"]
[SourceQuality "1"]
[TimeControl "40/5400+30:1800+30"]

1. d4 Nf6 2. Nf3 g6 3. Bg5 Ne4 4. Bf4 c5 5. d5 d6 6. Nfd2 Nxd2 7. Qxd2 Bg7 8. Nc3 Nd7 9. e4 O-O 10. Be2 b5 11. Bxb5 Rb8 12. Bh6 Bxh6 13. Qxh6 Ne5 14. O-O e6 15. dxe6 Bxe6 16. Rad1 c4 17. Qd2 Qa5 18. a4 Rfd8 19. f4 a6 20. fxe5 dxe5 21. Qf2 axb5 22. Qc5 Rdc8 23. Qxe5 Qa7+ 24. Qd4 Qxd4+ 25. Rxd4 bxa4 26. Nxa4 Rb4 27. b3 Rcb8 28. Nc5 cxb3 29. Rxb4 Rxb4 30. cxb3 Kg7 31. Rf3 Bg4 32. Rd3 Kf6 33. Kf2 Ke7 34. Ke3 Rb5 35. Kd4 Ra5 36. Rd2 Ra1 37. h3 Bc8 38. Kc4 Rb1 39. b4 h5 40. Kb5 f5 41. exf5 Bxf5 42. Ka5 g5 43. b5 g4 44. hxg4 Bxg4 45. b6 Bc8 46. b7 Bxb7 47. Rd7+ Kf6 48. Rxb7 Rxb7 49. Nxb7 Kf5 50. Nd6+ Kf4 51. Nc4 Kg3 52. Ne3 Kf2 53. g4 hxg4 1/2-1/2

[Event "ROU-ch Women 2018"]
[Site "Olanesti"]
[Date "2018.05.18"]
[Round "5"]
[White "Bogdan, Elizaveta"]
[Black "Panainte, Andreea-Bianca"]
[Result "0-1"]
[ECO "A05"]
[WhiteElo "1805"]
[BlackElo "1894"]
[Annotator "NA"]
[PlyCount "72"]
[EventDate "2018.??.??"]
[EventType "swiss"]
[EventCountry "ROU"]
[SourceTitle "playchess.com"]
[Source "ChessBase"]
[SourceQuality "1"]
[TimeControl "40/5400+30:1800+30"]

1. Nf3 Nf6 2. g3 d5 3. Bg2 c5 4. d3 Nc6 5. O-O e5 6. Nbd2 Bd6 7. e4 d4 8. Nc4 Bc7 9. a4 O-O 10. Ng5 h6 11. Nh3 Nh7 12. f4 f5 13. Qe2 Qe7 14. exf5 Bxf5 15. fxe5 Bxh3 16. Bxh3 Rxf1+ 17. Bxf1 Nxe5 18. Bf4 Re8 19. Re1 Nf3+ 20. Qxf3 Qxe1 21. Bxc7 Ng5 22. Qg2 Qd1 23. Nd2 Qxc2 24. Bf4 Ne6 25. Qd5 g5 26. Bh3 Qd1+ 27. Kf2 g4 28. Bg2 Qxa4 29. Bxh6 Re7 30. Be4 Rf7+ 31. Kg2 Qd1 32. Bf5 Qe2+ 33. Kg1 Re7 34. Bg5 Re8 35. Qd7 Nxg5 36. Qd5+ Ne6 0-1

[Event "ROU-ch Women 2018"]
[Site "Olanesti"]
[Date "2018.05.19"]
[Round "6"]
[White "Peptan, Corina-Isabela"]
[Black "Lehaci, Miruna-Daria"]
[Result "1-0"]
[ECO "A28"]
[WhiteElo "2393"]
[BlackElo "1905"]
[Annotator "NA"]
[PlyCount "52"]
[EventDate "2018.??.??"]
[EventType "swiss"]
[EventCountry "ROU"]
[SourceTitle "playchess.com"]
[Source "ChessBase"]
[SourceQuality "1"]
[TimeControl "40/5400+30:1800+30"]

1. c4 e5 2. Nc3 Nf6 3. Nf3 Nc6 4. e3 Bb4 5. Qc2 O-O 6. a3 Bxc3 7. Qxc3 Re8 8. d3 e4 9. dxe4 Nxe4 10. Qc2 Ng5 11. Nxg5 Qxg5 12. Bd2 d6 13. O-O-O Be6 14. f4 Qe7 15. Bd3 h6 16. Bc3 Bd7 17. Rde1 a6 18. g4 b5 19. Rhg1 Rab8 20. g5 h5 21. Bf6 Qf8 22. cxb5 axb5 23. g6 Bg4 24. Qxc6 gxf6 25. h3 Rb6 26. Qc2 Bd7 1-0

[Event "ROU-ch Women 2018"]
[Site "Olanesti"]
[Date "2018.05.19"]
[Round "6"]
[White "Dragomirescu, Angela"]
[Black "Pancu, Aureliana-Eugenia"]
[Result "1-0"]
[ECO "D12"]
[WhiteElo "2272"]
[BlackElo "1852"]
[Annotator "NA"]
[PlyCount "113"]
[EventDate "2018.??.??"]
[EventType "swiss"]
[EventCountry "ROU"]
[SourceTitle "playchess.com"]
[Source "ChessBase"]
[SourceQuality "1"]
[TimeControl "40/5400+30:1800+30"]

1. d4 d5 2. c4 c6 3. Nf3 Nf6 4. e3 Bf5 5. Nc3 Nbd7 6. Be2 Ne4 7. cxd5 Nxc3 8. bxc3 cxd5 9. Qb3 Qc7 10. Bd2 e6 11. c4 Bd6 12. cxd5 exd5 13. Qxd5 Be6 14. Qa5 Qxa5 15. Bxa5 b6 16. Bd2 Rc8 17. Bd3 Ke7 18. Ke2 Bc4 19. Rhc1 Bxd3+ 20. Kxd3 Ba3 21. Rxc8 Rxc8 22. Rb1 a6 23. Rb3 Bd6 24. e4 f6 25. a4 Rc7 26. Be3 Rb7 27. Nd2 b5 28. axb5 axb5 29. f4 Kd8 30. e5 fxe5 31. fxe5 Be7 32. Ne4 Kc7 33. Nc3 b4 34. Nd5+ Kd8 35. Nxe7 Kxe7 36. Bd2 Ke6 37. Ke4 Rb5 38. Rxb4 Rxb4 39. Bxb4 Nb6 40. Bf8 g6 41. Kf4 Kf7 42. Bc5 Nd5+ 43. Kg5 h5 44. g3 Nc7 45. Kh6 Nd5 46. e6+ Kxe6 47. Kxg6 Nf6 48. Kg5 Kf7 49. Ba3 Ng4 50. h3 Nf2 51. Kxh5 Nxh3 52. Kg4 Ng1 53. d5 Ne2 54. Bb2 Ke7 55. Be5 Nc1 56. Kf5 Nd3 57. g4 1-0

[Event "ROU-ch Women 2018"]
[Site "Olanesti"]
[Date "2018.05.19"]
[Round "6"]
[White "Cosman, Andreea-Marioara"]
[Black "Cosma, Elena-Luminita"]
[Result "1/2-1/2"]
[ECO "D45"]
[WhiteElo "2130"]
[BlackElo "2331"]
[Annotator "NA"]
[PlyCount "44"]
[EventDate "2018.??.??"]
[EventType "swiss"]
[EventCountry "ROU"]
[SourceTitle "playchess.com"]
[Source "ChessBase"]
[SourceQuality "1"]
[TimeControl "40/5400+30:1800+30"]

1. d4 d5 2. c4 e6 3. Nc3 c6 4. e3 Nf6 5. Nf3 Nbd7 6. Qc2 Bd6 7. Be2 O-O 8. b3 b6 9. Bb2 Bb7 10. O-O Qe7 11. Rad1 Rfe8 12. Rfe1 Rac8 13. Qb1 Bb4 14. Bd3 c5 15. Ne5 cxd4 16. exd4 Nf8 17. Qc1 N6d7 18. Nxd7 Qxd7 19. Re3 Red8 20. Rh3 Be7 21. Qc2 h6 22. Qe2 Bf6 1/2-1/2

[Event "ROU-ch Women 2018"]
[Site "Olanesti"]
[Date "2018.05.19"]
[Round "6"]
[White "Ciocan, Maria-Alexandra"]
[Black "Coman, Emilia-Florentina"]
[Result "1-0"]
[ECO "C00"]
[WhiteElo "2021"]
[BlackElo "1869"]
[Annotator "NA"]
[PlyCount "77"]
[EventDate "2018.??.??"]
[EventType "swiss"]
[EventCountry "ROU"]
[SourceTitle "playchess.com"]
[Source "ChessBase"]
[SourceQuality "1"]
[TimeControl "40/5400+30:1800+30"]

1. e4 e6 2. d4 d5 3. Bd3 Nc6 4. Nf3 Nb4 5. Nc3 Nxd3+ 6. Qxd3 Nf6 7. Bg5 Be7 8. e5 Nd7 9. h4 a6 10. Ne2 h6 11. Bxe7 Qxe7 12. c3 c5 13. Nd2 O-O 14. Nf4 cxd4 15. cxd4 Nb6 16. g4 g6 17. O-O-O Bd7 18. Kb1 Rfc8 19. Qe3 Kh7 20. Nh5 gxh5 21. g5 Rg8 22. Nf3 Nc4 23. Qf4 Qb4 24. b3 Na3+ 25. Kb2 Nc4+ 26. Kb1 Rac8 27. Rc1 Na3+ 28. Kb2 Nc4+ 29. Ka1 Be8 30. gxh6 Rg6 31. bxc4 Rxc4 32. Rxc4 dxc4 33. Rc1 c3 34. Rb1 Qc4 35. Ng5+ Kh8 36. Nxf7+ Bxf7 37. Qxf7 Rg8 38. Qf6+ Kh7 39. Rxb7+ 1-0

[Event "ROU-ch Women 2018"]
[Site "Olanesti"]
[Date "2018.05.19"]
[Round "6"]
[White "Panainte, Andreea-Bianca"]
[Black "Sandu, Mihaela"]
[Result "0-1"]
[ECO "B23"]
[WhiteElo "1894"]
[BlackElo "2258"]
[Annotator "NA"]
[PlyCount "44"]
[EventDate "2018.??.??"]
[EventType "swiss"]
[EventCountry "ROU"]
[SourceTitle "playchess.com"]
[Source "ChessBase"]
[SourceQuality "1"]
[TimeControl "40/5400+30:1800+30"]

1. e4 c5 2. Nc3 e6 3. f4 d5 4. Bb5+ Bd7 5. Bxd7+ Qxd7 6. e5 Nc6 7. Nf3 Nge7 8. O-O Nf5 9. g4 Nfd4 10. Ne2 Nxf3+ 11. Rxf3 g5 12. d4 cxd4 13. Nxd4 Bc5 14. c3 O-O-O 15. Be3 gxf4 16. Bxf4 Rhg8 17. Rg3 f6 18. b4 Bb6 19. Re3 Qg7 20. h3 fxe5 21. Nxe6 Qf7 22. Nxd8 Qxf4 0-1